 Dungeon Crawl Stone Soup version 0.27-a0-1188-g73eefd5def (webtiles) character file.

Game seed: 421126037424700541

24 fede the Magician (level 3, -2/25 HPs)
             Began as a Djinni Fire Elementalist on May 20, 2021.
             Slain by a hobgoblin (4 damage)
             ... on level 1 of the Dungeon.
             The game lasted 00:03:35 (921 turns).

fede the Magician (Djinni Fire Elementalist)         Turns: 921, Time: 00:03:35

Health: -2/25      AC:  2    Str:  7    XL:     3   Next: 15%
Gold:   55         EV: 12    Int: 17    God:
                   SH:  0    Dex: 13

rFire    + + .     SeeInvis .   c - +0 short sword
rCold    x . .     Faith    .   (no shield)
rNeg     . . .     Spirit   .   a - +0 robe
rPois    ∞         Reflect  .   (no helmet)
rElec    .         Harm     .   (no cloak)
rCorr    .         Rampage  .   (no gloves)
Will     .....                  (boots unavailable)
Stlth    ++........             (no amulet)
HPRegen  0.08/turn              (no ring)
MPRegen  0.00/turn              (no ring)

@: flying
A: sickness immunity, fire resistance 2, cold vulnerability 1, float, innate
caster, hp casting, extra vitality 1
a: no special abilities


You were on level 1 of the Dungeon.
You visited 1 branch of the dungeon, and saw 1 of its levels.

You collected 55 gold pieces.

Inventory:

Hand Weapons
 c - a +0 short sword (weapon)
Armour
 a - a +0 robe (worn)
Scrolls
 b - 2 scrolls of teleportation {unknown}
 d - a scroll of fog {unknown}
 e - a scroll of enchant weapon {unknown}


   Skills:
 + Level 2.6 Dodging
 + Level 1.8 Stealth
 + Level 2.9 Spellcasting


You couldn't memorise any spells.
You knew the following spells:

 Your Spells              Type           Power      Damage    Failure   Level
a - Foxfire               Conj/Fire      48%        2x1d6     5%          1
b - Conjure Flame         Conj/Fire      12%        6-21      16%         3
c - Inner Flame           Hex/Fire       12%        N/A       16%         3
d - Sticky Flame          Conj/Fire      12%        2d4       45%         4
e - Fireball              Conj/Fire      6%         3d5       82%         5
f - Sting                 Tmut/Pois      48%        1d5       5%          1
Your spell library was empty.

Dungeon Overview and Level Annotations

Branches:
Dungeon (1/15)

Altars:


Innate Abilities, Weirdness & Mutations

You are immune to sickness and miasma.
You are immune to poison.
Your flesh is very heat resistant. (rF++)
You are vulnerable to cold. (rC-)
You float through the air rather than walking.
You learn spells naturally, not from books.
Your magical power is your life essence.
You have superior vitality. (+4 HP)


Message History

You are too injured to fight recklessly!
You are too injured to fight recklessly!
You are too injured to fight recklessly!
You are too injured to fight recklessly!
You are too injured to fight recklessly!
You are too injured to fight recklessly!
You are too injured to fight recklessly!
You are too injured to fight recklessly!
You are too injured to fight recklessly!
You are too injured to fight recklessly!
You are too injured to fight recklessly!
You are too injured to fight recklessly!
You are too injured to fight recklessly!
You hit the hobgoblin but do no damage.
The hobgoblin is lightly wounded.
The hobgoblin hits you.
You closely miss the hobgoblin.
The hobgoblin is lightly wounded.
The hobgoblin barely misses you.
You hit the hobgoblin.
The hobgoblin is moderately wounded.
The hobgoblin barely misses you.
You closely miss the hobgoblin.
The hobgoblin is moderately wounded.
The hobgoblin barely misses you.
You hit the hobgoblin.
The hobgoblin is heavily wounded.
The hobgoblin hits you.
* * * LOW HITPOINT WARNING * * *
You barely miss the hobgoblin.
The hobgoblin is heavily wounded.
The hobgoblin barely misses you.
You hit the hobgoblin.
The hobgoblin is severely wounded.
The hobgoblin hits you.
* * * LOW HITPOINT WARNING * * *
You closely miss the hobgoblin.
The hobgoblin is severely wounded.
The hobgoblin hits you.
You die...

## .. ...... ....# .. ......
..#.##. ..
......#####+##....... ..
.....................# ..
...................... .....
.......................# #.#
.................#..#..# #
#.##.........g@)...........#
###..........#########....#..##
.##..........# #####.#......
.............#### #............
...#............#####.#.###....
...'.........[.................
..##.................##....##.#
>.##.................#######
####..........#.........###


You could see a hobgoblin.

Vanquished Creatures
  2 dart slugs (D:1)
  A ball python (D:1)
  An endoplasm (D:1)
  3 goblins (D:1)
  A hobgoblin (D:1)
  3 jackals (D:1)
  2 kobolds (D:1)
  A quokka (D:1)
  A bat (D:1)
  2 frilled lizards (D:1)
17 creatures vanquished.

Vanquished Creatures (others)
  36 foxfires (D:1)
36 creatures vanquished.

Grand Total: 53 creatures vanquished

Notes
Turn   | Place    | Note
-------+----------+-------------------------------------------
     0 | D:1      | fede the Djinni Fire Elementalist began the quest for the
                  | Orb.
     0 | D:1      | Reached XP level 1. HP: 15/15 MP: 0/0
    24 | D:1      | Found a faded altar of an unknown god.
    70 | D:1      | Reached XP level 2. HP: 10/21 MP: 0/0
   657 | D:1      | Reached XP level 3. HP: 23/25 MP: 0/0
   657 | D:1      | Learned a level 1 spell: Sting
   921 | D:1      | Slain by a hobgoblin

Illustrated notes

Levels and vault maps discovered:
D:1:      pf_arrival_petrified_forest, layout_basic,
          shapermc_ecumenical_altar_gd, minmay_tromino_i4

Action                   || total
-------------------------++-------
Melee: Unarmed           ||     6
       Short sword       ||    21
 Cast: Foxfire           ||    21
 Stab: Sleeping          ||     1
Armor: Robe              ||     3
Dodge: Dodged            ||    38

Table legend: (Time is in decaauts)
 A = Elapsed time spent in this place.
 B = Non-inter-level travel time spent in this place.
 C = Inter-level travel time spent in this place.
 D = Time resting spent in this place.
 E = Time spent auto-exploring this place.
 F = Levels seen in this place.
 G = Mean time per level.
                   A        B        C        D        E       F      G
               +--------+--------+--------+--------+--------+-----+--------+
         Total |    922 |    922 |      0 |      0 |    800 |   1 |  922.0 |
       Dungeon |    922 |    922 |      0 |      0 |    800 |   1 |  922.0 |
               +--------+--------+--------+--------+--------+-----+--------+

Top non-repeatable levels by time:
     D:1: 922 daAuts
